 Dungeon Crawl Stone Soup version 0.28-a0-773-g130ae17fe5 (webtiles) character file.

Game seed: 8635850319553673097

151 croobank the Digger (level 5, -2/28 HPs)
             Began as a Gargoyle Earth Elementalist on Nov 1, 2021.
             Slain by a black bear (5 damage)
             ... on level 3 of the Dungeon.
             The game lasted 00:21:37 (4808 turns).

croobank the Digger (Gargoyle Earth Elementalist)   Turns: 4808, Time: 00:21:38

Health: -2/28      AC: 10    Str: 11 (13) XL:     5   Next: 33%
Magic:  0/3        EV: 12    Int: 15      God:
Gold:   118        SH:  0    Dex:  8 (10) Spells: 5/10 levels left

rFire   . . .      SeeInvis .   k - +0 short sword (antimagic)
rCold   . . .      Faith    .   (no shield)
rNeg    + . .      Spirit   .   b - +0 robe
rPois   ∞          Reflect  .   (no helmet)
rElec   +          Harm     .   (no cloak)
rCorr   .          Rampage  .   (no gloves)
Will    .....                   (no boots)
Stlth   ++........              q - amulet of regeneration
HPRegen 1.09/turn               h - +4 ring of protection
MPRegen 0.08/turn               (no ring)

@: no status effects
A: sickness immunity, AC +4, negative energy resistance 1, electricity
resistance, torment resistance 1, petrification resistance
a: no special abilities


You were on level 3 of the Dungeon.
You visited 1 branch of the dungeon, and saw 3 of its levels.

You collected 118 gold pieces.

Inventory:

Hand Weapons
 a - a +0 dagger
 e - a +0 quarterstaff
 j - a +0 hand axe
 k - a +0 antimagic short sword (weapon)
 l - a +0 falchion
 n - a +0 spear
 p - a +1 short sword
Missiles
 c - 79 stones
 g - 56 sling bullets
 i - 32 bolts
Armour
 b - a +0 robe (worn)
 d - a +0 leather armour
 f - a +0 chain mail
Magical Staves
 o - a staff of cold
Jewellery
 h - a +4 ring of protection (left hand)
 q - an amulet of regeneration (around neck)
Scrolls
 m - 2 scrolls of noise


   Skills:
 + Level 0.8 Fighting
 + Level 0.4 Short Blades
 + Level 1.2 Staves
 + Level 2.3 Dodging
 + Level 2.9 Stealth
 + Level 3.0 Spellcasting
 + Level 0.7 Transmutations
 + Level 4.7 Earth Magic


You had 5 spell levels left.
You knew the following spells:

 Your Spells              Type           Power      Damage    Failure   Level
a - Sandblast             Erth           32%        2d9       3%          1
b - Passwall              Tmut/Erth      8%         N/A       10%         2
c - Animate Skeleton      Necr           4%         N/A       21%         1
d - Summon Small Mammal   Summ           8%         N/A       21%         1

Your spell library contained the following spells:

 Spells                   Type           Power      Damage    Failure   Level
 Apportation              Tloc           4%         N/A       21%         1
 Stone Arrow              Conj/Erth      18%        3d8       22%         3
 Portal Projectile        Hex/Tloc       4%         N/A       52%         3
 Petrify                  Tmut/Erth      10%        N/A       54%         4
 Blade Hands              Tmut           2%         N/A       99%         5
 Excruciating Wounds      Necr           1%         N/A       99%         5


Dungeon Overview and Level Annotations

Branches:
Dungeon (3/15)

Altars:


Innate Abilities, Weirdness & Mutations

You are immune to sickness and miasma.
Your stone body is resilient. (AC +4)
You are immune to poison.
You resist negative energy. (rN+)
You are resistant to electric shocks. (rElec)
You are resistant to unholy torment.
You are immune to petrification.


Message History

The black bear is heavily wounded.
The black bear completely misses you.
The black bear claws you but does no damage.
The black bear barely misses you.
You hit the black bear.
The black bear is heavily wounded.
The black bear bites you.
The black bear claws you but does no damage. x2
You hit the black bear.
The black bear is severely wounded.
The black bear goes berserk!
Aiming: Sandblast (safe; 3% risk of failure)
Press: ? - help, Q - select action, (/) - cycle Shift-Dir - straight line, f/p - black bear
Aim: a black bear (severely wounded, berserk, 85% to hit)
The blast of sand hits the black bear.
The black bear is almost dead.
The black bear closely misses you. The black bear misses you.
The black bear claws you but does no damage.
You hit the black bear.
The black bear is almost dead.
The black bear closely misses you.
The black bear claws you but does no damage. x2
The black bear barely misses you.
The black bear claws you but does no damage. x2
You closely miss the black bear.
The black bear is almost dead.
The black bear barely misses you.
The black bear claws you but does no damage. x2
You barely miss the black bear.
The black bear is almost dead.
The black bear bites you! The black bear claws you. x2
The black bear bites you!
* * * LOW HITPOINT WARNING * * *
The black bear misses you.
The black bear claws you but does no damage.
You don't have enough magic to cast this spell.
You barely miss the black bear.
The black bear is almost dead.
The black bear bites you.
You die...

#.. #...................... ##.
..#................... #.
#.#...........#....... #.#
##.#...........#.......
#.###.......#...#....#.....
#.##....####......####..... #
#.##....####...#######..... #.
##.#...###..).##............
###.##..........@h)........##....
#........##....#.############....
.#.#....##...#..# ###......
#...###.....## #.......#
......###.....### ###.......#
...... ##.#.# ######.........#
..#.## #.#>####.......#####o## .
#.# ####.#......##..### #... ##.#
##......#######.## ####


You could see a black bear (berserk).

Vanquished Creatures
  An ogre (D:2)
  An orc priest (D:3)
  2 adders (D:3)
  2 dart slugs
  3 orcs
  7 ball pythons
  7 bats
  An endoplasm (D:3)
  3 giant cockroaches
  6 goblins
  6 hobgoblins
  5 kobolds
  A quokka (D:3)
  4 frilled lizards
  11 rats
60 creatures vanquished.

Vanquished Creatures (others)
  A plant (D:1)
1 creature vanquished.

Grand Total: 61 creatures vanquished

Notes
Turn   | Place    | Note
-------+----------+-------------------------------------------
     0 | D:1      | croobank the Gargoyle Earth Elementalist began the quest
                  | for the Orb.
     0 | D:1      | Reached XP level 1. HP: 10/10 MP: 3/3
   248 | D:1      | Reached XP level 2. HP: 6/15 MP: 1/5
   674 | D:1      | Reached skill level 4 in Earth Magic
   795 | D:1      | Found a faded altar of an unknown god.
  1186 | D:1      | Learned a level 2 spell: Passwall
  1333 | D:1      | Reached XP level 3. HP: 19/19 MP: 6/6
  1618 | D:2      | Learned a level 1 spell: Animate Skeleton
  4316 | D:3      | Reached XP level 4. HP: 24/24 MP: 3/7
  4374 | D:3      | Reached skill level 1 in Staves
  4469 | D:3      | Noticed an ogre
  4469 | D:3      | Noticed a steam dragon
  4472 | D:3      | Learned a level 1 spell: Summon Small Mammal
  4477 | D:3      | Noticed a black bear
  4627 | D:2      | Killed an ogre
  4628 | D:2      | Reached XP level 5. HP: 13/28 MP: 6/9
  4808 | D:3      | Slain by a black bear

Illustrated notes

Levels and vault maps discovered:
D:1:      dpeg_arrival_prison, layout_basic, shapermc_ecumenical_altar_petra,
          hangedman_glass_teeth
D:2:      layout_loops_cross, minmay_tetromino_s4
D:3:      minmay_evil_eye, layout_rooms, minitemple, grunt_ministairs_15

Skill      XL: |  1  2  3  4  5 |
---------------+----------------+-----
Earth Magic    | 4 |  4.7
Dodging        | 2 |  2.3
Staves         | 1 |  1.2
Spellcasting   | 3 |  3.0
Fighting       | |  0.8
Short Blades   | |  0.4
Stealth        | |  2.9
Transmutations | |  0.7

Action                   |  1- 3 |  4- 6 || total
-------------------------+-------+-------++-------
Melee: Unarmed           |     9 |       ||     9
       Dagger            |    53 |       ||    53
       Hand axe          |     8 |       ||     8
       Staff             |    58 |    32 ||    90
       Short sword       |       |    15 ||    15
 Cast: Sandblast         |    31 |    20 ||    51
  Use: Potion            |     3 |     3 ||     6
       Scroll            |     5 |     1 ||     6
 Stab: Sleeping          |     2 |       ||     2
Armor: Robe              |    59 |    51 ||   110
Dodge: Dodged            |   113 |    59 ||   172

Table legend: (Time is in decaauts)
 A = Elapsed time spent in this place.
 B = Non-inter-level travel time spent in this place.
 C = Inter-level travel time spent in this place.
 D = Time resting spent in this place.
 E = Time spent auto-exploring this place.
 F = Levels seen in this place.
 G = Mean time per level.
                   A        B        C        D        E       F      G
               +--------+--------+--------+--------+--------+-----+--------+
         Total |   4812 |   4755 |     57 |   2763 |   1173 |   3 | 1604.0 |
       Dungeon |   4812 |   4755 |     57 |   2763 |   1173 |   3 | 1604.0 |
               +--------+--------+--------+--------+--------+-----+--------+

Top non-repeatable levels by time:
     D:2: 2779 daAuts
     D:1: 1456 daAuts
     D:3: 577 daAuts
